 Dungeon Crawl Stone Soup version 0.17.0-26-gececa24 (console) character file.

62503 gw the Basher (level 14, 118/129 HPs)
             Began as a Deep Dwarf Fighter on Nov 20, 2015.
             Was the Champion of Makhleb.
             Quit the game in a volcano.
             The game lasted 00:37:14 (23301 turns).

gw the Basher (Deep Dwarf Fighter)                 Turns: 23301, Time: 00:37:14

Health: 118/129    AC: 25    Str: 16    XL:     14   Next: 64%
Magic:  1/1        EV:  5    Int: 10    God:    Makhleb [******]
Gold:   2154       SH: 15    Dex: 19    Spells: 0 memorised, 13 levels left

rFire  . . .     SeeInvis +     b - +1 morningstar
rCold  . . .     Clarity  .     w - +1 plate armour
rNeg   + . .     SustAt   .     c - +2 shield
rPois  .         Gourm    .     (helmet restricted)
rElec  .         Spirit   .     l - +1 cloak
rCorr  .         Warding  .     p - +2 pair of gloves
rMut   .         Stasis   .     n - +2 pair of boots
MR     ++...                    z - amulet of faith
Stlth  ..........               y - +3 ring of dexterity
                                s - ring of see invisible

@: non-regenerating, very resistant to hostile enchantments, extremely
unstealthy
A: damage resistance, recharge devices, beak, negative energy resistance 1,
sense surroundings 2, slow regeneration 3, weak 2
a: Device Recharging, Minor Destruction, Lesser Servant of Makhleb, Major
Destruction, Greater Servant of Makhleb, Renounce Religion


You were in a volcano.
You worshipped Makhleb.
Makhleb was exalted by your worship.
You were not hungry.

You visited 3 branches of the dungeon, and saw 24 of its levels.
You also visited: Volcano.

You collected 2154 gold pieces.

Inventory:

Hand Weapons
 b - a +1 morningstar (weapon)
Missiles
 i - 550 stones
 r - 76 poisoned needles
 F - 2 curare-tipped needles
 G - 21 tomahawks (quivered)
Armour
 c - a +2 shield (worn)
 l - a +1 cloak (worn)
 n - a +2 pair of boots (worn)
 p - a +2 pair of gloves (worn)
 w - a +1 plate armour (worn)
Jewellery
 s - a ring of see invisible (left hand)
 y - a +3 ring of dexterity (right hand)
 z - an amulet of faith (around neck)
Wands
 a - a wand of random effects (20)
 d - a wand of magic darts (14)
 e - a wand of heal wounds (3)
 t - a wand of slowing (22)
 v - a wand of polymorph (15)
 B - a wand of confusion (29)
 C - a wand of disintegration (4)
 E - a wand of flame (15)
Scrolls
 h - 18 scrolls of identify
 q - a scroll of teleportation
 u - a scroll of torment
 A - 8 scrolls of remove curse
Potions
 j - a potion of curing
Comestibles
 f - 12 bread rations
 g - 19 meat rations
 k - 19 fruits
 m - 12 slices of pizza
 o - 5 beef jerkies
 x - 2 royal jellies
 D - 3 chunks of flesh


   Skills:
 + Level 9.5 Fighting
 * Level 13.9 Maces & Flails
 + Level 9.1 Throwing
 + Level 11.3 Armour
 + Level 11.6 Shields
 + Level 12.7 Invocations
 - Level 0.6 Evocations


You had 13 spell levels left.
You didn't know any spells.

Dungeon Overview and Level Annotations

Branches:
Dungeon (12/15)            Temple (0/1) D:7            Lair (8/8) D:8
  Swamp (0/4) Lair:6        Snake (0/4) Lair:6        Slime (0/6) Lair:6
    Orc (4/4) D:11            Elf (0/3) Orc:3

Altars:
Ashenzari
Cheibriados
Elyvilon
Gozag
Kikubaaqudgha
Makhleb
Nemelex Xobeh
Okawaru
Qazlal
Ru
Sif Muna
Trog
Zin
The Shining One
Jiyva

Shops:
D:5 (   D:6 (   D:8 *   Orc:1 ?


Innate Abilities, Weirdness & Mutations

You are resistant to damage.
You can recharge devices by infusing magical energy.
You resist negative energy.
You passively map the area around you.
You do not regenerate naturally.
You have a beak for a mouth.
You are very weak. (Str -4)


Message History

The lava snake is heavily wounded.
The lava snake bites you.
You are engulfed in flames.
ATTACK MOVE TO (-1,-1)
You hit the lava snake but do no damage.
The lava snake is heavily wounded.
The lava snake spits lava at you. The glob of lava hits you!
ATTACK MOVE TO (-1,-1)
You impale the lava snake!!
You kill the lava snake!
Makhleb accepts your kill.
You feel better.
The volcano roars to life, belching forth lava!
Quiver which item? (- for none, * to show all) (? for menu, Esc to quit)
Reset throwing quiver to default.
Quiver which item? (- for none, * to show all) (? for menu, Esc to quit)
Reset throwing quiver to default.
Partly explored, can't reach some places.
Infinite lua loop detected, aborting.
Are you sure you want to abandon this character and quit the game? (Confirm with "yes".)

,, ~ ~ * * ,¤¤¤¤~
~¤¤¤¤¤~~¤...... , .¤.~¤¤
~¤¤¤¤¤~~~~¤~¤¤~ ,
¤¤~~¤~¤¤¤¤¤¤¤¤¤¤~~~~~~~~
,
..¤~~~¤~¤¤¤¤¤¤¤¤¤~~~~~~~
..~¤¤~¤¤¤¤¤¤¤¤¤~~~~¤~~¤¤
....¤¤~~¤¤¤¤¤¤¤~~~~~~.~¤
*
......~¤¤¤¤¤¤¤¤~~~.~....
*#....¤¤g~¤¤¤¤¤¤~~......¤
###.¤¤¤¤¤¤¤¤¤.......##..
##..¤¤¤¤¤¤¤¤¤..#######
###¤¤¤¤¤¤¤¤¤.## #
##...#.##### #######


There were no monsters in sight!

Table legend:
 A = Turns spent in this place as a percentage of turns spent in the entire game.
 B = Non-inter-level travel turns spent in this place as a percentage of non-inter-level travel turns spent in the entire game.
 C = Inter-level travel turns spent in this place as a percentage of turns spent in this place.
 D = Turns resting spent in this place as a percentage of non-inter-level travel turns spent in this place.
 E = Turns spent auto-exploring this place as a percentage of non-inter-level travel turns spent in this place.
 F = Non-inter-level travel turns spent in this place divided by the number of levels of this place that you've seen.
                   A       B       C       D       E      F
               +-------+-------+-------+-------+-------+----------------------
         Total | 100.0 | 100.0 |   0.4 |   0.0 |   1.7 | 2094.1
       Dungeon |  41.5 |  41.5 |   0.3 |   0.1 |   2.2 | 1811.6
          Lair |  43.0 |  42.9 |   0.5 |   0.0 |   1.3 | 2809.9
  Orcish Mines |   8.7 |   8.7 |   0.2 |   0.0 |   2.0 | 1143.5
       Volcano |   6.8 |   6.8 |   0.0 |   0.0 |   0.1 | 3561.0
               +-------+-------+-------+-------+-------+----------------------

Table legend:
 A = Kills in this place as a percentage of kills in entire the game.
 B = Kills by you in this place as a percentage of kills by you in the entire game.
 C = Kills by friends in this place as a percentage of kills by friends in the entire game.
 D = Other kills in this place as a percentage of other kills in the entire game.
 E = Experience gained in this place as a percentage of experience gained in the entire game.
 F = Experience gained in this place divided by the number of levels of this place that you have seen.
                   A       B       C       D       E      F
               +-------+-------+-------+-------+-------+----------------------
         Total | 100.0 | 100.0 | 100.0 | 100.0 | 100.0 | 3571.6
       Dungeon |  36.9 |  35.8 |  51.0 | 100.0 |  22.7 | 1686.7
          Lair |  43.2 |  43.1 |  45.1 |   0.0 |  71.5 | 7982.0
  Orcish Mines |  19.8 |  20.9 |   3.9 |   0.0 |   5.8 | 1287.5
       Volcano |   0.1 |   0.1 |   0.0 |   0.0 |   0.1 |  45.0
               +-------+-------+-------+-------+-------+----------------------

Vanquished Creatures
  Nessos (Lair:5)
  A fire dragon (Lair:8)
  6 hydras
  9 death yaks
  The ghost of gw the Grappler, a novice GrMo of the Shining One (D:8)
  A lindwurm (Lair:7)
  Pikel (D:6)
  3 ugly things
  2 manticores
  An orc knight (Orc:3)
  11 elephants
  3 griffons
  A guardian serpent (Lair:6)
  A torpor snail (Lair:7)
  9 black mambas
  A gargoyle (D:11)
  17 spiny frogs
  7 fire drakes
  7 komodo dragons
  The ghost of gw the Cudgeler, an amateur DsFi of Yredelemnul (D:4)
  3 blink frogs (Lair:2)
  2 trolls (D:12)
  2 two-headed ogres
  A boulder beetle (Lair:8)
  30 yaks
  A human (D:7)
  2 wyverns
  A shadow (D:12)
  3 basilisks
  7 vampire mosquitoes
  5 hippogriffs
  A hungry ghost (D:8)
  A mottled dragon (Lair:8)
  2 steam dragons
  15 water moccasins
  20 wolves
  A warg (Orc:1)
  7 porcupines
  2 ice beasts
  15 orc warriors
  5 sky beasts
  3 black bears
  A phantom (D:12)
  3 swamp drakes (Lair:8)
  12 ogres
  A centaur (D:11)
  20 crocodiles
  4 big kobolds
  2 gnoll sergeants (D:11)
  11 giant frogs
  A water moccasin zombie (D:7)
  2 scorpions
  10 wights
  An electric eel (Lair:6)
  A giant frog zombie (D:12)
  4 crimson imps
  A centaur zombie (D:9)
  A lava snake (Volcano)
  Crazy Yiuf (D:3)
  25 orc priests
  Ijyb (D:2)
  6 hounds
  A jelly (D:8)
  2 giant frog skeletons
  Terence (D:3)
  14 iguanas
  7 worker ants
  A gnoll shaman (D:6)
  18 orc wizards
  70 sheep
  A hound zombie (D:6)
  A worker ant zombie (D:8)
  6 gnolls
  8 adders
  60 river rats
  A shadow imp (D:5)
  2 oozes
  An adder skeleton (D:5)
  2 adder zombies
  131 orcs
  2 ball pythons
  4 giant cockroaches
  7 goblins
  10 hobgoblins
  18 jackals
  4 quokkas
  5 bats
  6 giant geckos
  7 giant newts
  23 kobolds
  2 quokka skeletons
  A quokka zombie (D:3)
  8 rats
  A fungus (Lair:8)
746 creatures vanquished.

Vanquished Creatures (collateral kills)
  Fannar (D:11)
  2 catoblepae (Lair:8)
  A death yak (Lair:8)
  2 hill giants
  An orc sorcerer (Orc:3)
  A manticore (Lair:8)
  2 elephants (Lair:8)
  A kobold demonologist (D:12)
  A centaur skeleton (D:11)
  A komodo dragon (Lair:3)
  A fire drake (Lair:8)
  2 trolls (D:11)
  A polar bear (Lair:3)
  A spriggan (Lair:3)
  4 yaks (D:9)
  3 wolves (Lair:3)
  2 orc warriors
  A water moccasin (Lair:3)
  A sky beast (D:9)
  A necrophage (D:9)
  2 big kobolds (D:11)
  A hound (D:11)
  A jelly (D:9)
  An orc priest (Orc:3)
  9 river rats (Lair:3)
  4 orcs
  A quokka (D:9)
  2 kobolds (D:9)
51 creatures vanquished.

Vanquished Creatures (others)
  A slave (D:6)
  A water moccasin skeleton (D:5)
  A crimson imp (D:6)
  7 fungi
  14 plants
24 creatures vanquished.

Grand Total: 821 creatures vanquished

Notes
Turn   | Place    | Note
--------------------------------------------------------------
     0 | D:1      | gw the Deep Dwarf Fighter began the quest for the Orb.
     0 | D:1      | Reached XP level 1. HP: 20/20 MP: 1/1
   232 | D:1      | Reached XP level 2. HP: 27/27 MP: 2/2
   843 | D:1      | Reached XP level 3. HP: 30/33 MP: 3/3
  1095 | D:2      | Found a burning altar of Makhleb.
  1113 | D:2      | Became a worshipper of Makhleb the Destroyer
  1404 | D:2      | Noticed Ijyb
  1424 | D:2      | Killed Ijyb
  1424 | D:2      | Reached skill level 1 in Invocations
  1424 | D:2      | Reached XP level 4. HP: 34/42 MP: 4/4
  1649 | D:2      | Reached * piety under Makhleb
  2275 | D:3      | Noticed Crazy Yiuf
  2284 | D:3      | Killed Crazy Yiuf
  2284 | D:3      | Reached skill level 1 in Throwing
  2284 | D:3      | Reached XP level 5. HP: 35/49 MP: 6/6
  2373 | D:3      | Noticed Terence
  2443 | D:3      | Killed Terence
  2443 | D:3      | Reached skill level 4 in Armour
  2586 | D:3      | Found a white marble altar of Elyvilon.
  2587 | D:3      | Found a glowing silver altar of Zin.
  2588 | D:3      | Found a glowing golden altar of the Shining One.
  2675 | D:4      | Noticed gw's ghost (amateur DsFi)
  2686 | D:4      | Killed gw's ghost
  2686 | D:4      | Reached XP level 6. HP: 51/56 MP: 7/7
  3282 | D:4      | Found a deep blue altar of Sif Muna.
  3459 | D:4      | Reached XP level 7. HP: 63/63 MP: 9/9
  3481 | D:4      | Noticed a black bear
  3488 | D:4      | Killed a black bear
  3496 | D:4      | Gained mutation: You can spit weak poison. [potion of beneficial mutation]
  3560 | D:5      | Entered Level 5 of the Dungeon
  3636 | D:5      | Reached skill level 5 in Shields
  3643 | D:5      | Reached ** piety under Makhleb
  3643 | D:5      | Reached skill level 5 in Armour
  3885 | D:5      | Found an opulent altar of Gozag.
  3885 | D:5      | Found an iron altar of Okawaru.
  4093 | D:5      | Found Deur's Antique Weapon Shop.
  4419 | D:6      | Noticed Pikel
  4489 | D:6      | Killed Pikel
  4489 | D:6      | Reached skill level 5 in Maces & Flails
  4489 | D:6      | Reached XP level 8. HP: 49/73 MP: 9/11
  4711 | D:6      | Found a snail-covered altar of Cheibriados.
  4783 | D:6      | Reached skill level 6 in Maces & Flails
  4883 | D:6      | Reached skill level 5 in Invocations
  5153 | D:6      | Found Cauxace's Weapon Shop.
  5465 | D:7      | Gained mutation: You passively map the area around you. [Deep Dwarf growth]
  5465 | D:7      | Reached XP level 9. HP: 74/80 MP: 4/12
  5719 | D:7      | Reached *** piety under Makhleb
  5719 | D:7      | Reached skill level 5 in Fighting
  5790 | D:7      | Found a white marble altar of Elyvilon.
  6053 | D:7      | Found a staircase to the Ecumenical Temple.
  6087 | D:7      | Reached skill level 7 in Maces & Flails
  6136 | D:7      | Found a sparkling altar of Nemelex Xobeh.
  6734 | D:8      | Found Cuokhy's Serpentskin Sales.
  6769 | D:8      | Noticed gw's ghost (novice GrMo)
  6878 | D:8      | Killed gw's ghost
  6878 | D:8      | Reached skill level 8 in Maces & Flails
  6878 | D:8      | Reached XP level 10. HP: 71/91 MP: 5/15
  6997 | D:8      | Found a bloodstained altar of Trog.
  7000 | D:8      | Found a sacrificial altar of Ru.
  7003 | D:8      | Found a stormy altar of Qazlal.
  7043 | D:8      | Found a staircase to the Lair.
  7050 | D:8      | Reached **** piety under Makhleb
  7095 | D:8      | Found a shattered altar of Ashenzari.
  7362 | D:8      | Lost mutation: You can spit weak poison. [potion of cure mutation]
  7422 | D:9      | Noticed a red ugly thing
  7434 | D:9      | Reached skill level 5 in Throwing
  7501 | D:9      | Killed a red ugly thing
  7681 | D:9      | Reached ***** piety under Makhleb
  7798 | D:9      | Reached skill level 9 in Maces & Flails
  8051 | D:9      | Found an ancient bone altar of Kikubaaqudgha.
  8137 | D:10     | Entered Level 10 of the Dungeon
  8240 | D:10     | Found an iron altar of Okawaru.
  8358 | D:10     | Noticed a hill giant
  8365 | D:10     | Killed a hill giant
  8400 | D:10     | Found a white marble altar of Elyvilon.
  8857 | D:11     | Reached XP level 11. HP: 60/99 MP: 5/15
  8871 | D:11     | Noticed a hill giant
  8878 | D:11     | Killed a hill giant
  8896 | D:11     | Noticed Fannar
  8917 | D:11     | Killed Fannar
  9033 | D:11     | Found a stormy altar of Qazlal.
  9170 | D:11     | Noticed a purple ugly thing
  9187 | D:11     | Killed a purple ugly thing
  9210 | D:11     | Noticed a six-headed hydra
  9219 | D:11     | Killed a six-headed hydra
  9336 | D:11     | Found a staircase to the Orcish Mines.
  9393 | D:11     | Noticed an Executioner
  9470 | D:11     | Reached skill level 10 in Maces & Flails
  9930 | Lair:1   | Entered Level 1 of the Lair of Beasts
 11002 | Lair:2   | Reached XP level 12. HP: 101/109 MP: 16/16
 11250 | Lair:2   | Reached ****** piety under Makhleb
 11588 | Lair:2   | Noticed an eight-headed hydra
 11594 | Lair:2   | Killed an eight-headed hydra
 11794 | Lair:2   | Reached skill level 11 in Maces & Flails
 12358 | Lair:3   | Reached skill level 10 in Invocations
 13797 | Lair:4   | Reached skill level 10 in Shields
 14714 | Lair:4   | Gained mutation: You have a beak for a mouth. [potion of mutation]
 14714 | Lair:4   | Gained mutation: You are weak. (Str -2) [potion of mutation]
 14714 | Lair:4   | Gained mutation: You are very weak. (Str -4) [potion of mutation]
 14921 | Lair:5   | Reached skill level 10 in Armour
 14938 | Lair:5   | Reached XP level 13. HP: 93/117 MP: 16/16
 14976 | Lair:5   | Noticed Nessos
 15005 | Lair:5   | Killed Nessos
 15005 | Lair:5   | Reached skill level 12 in Maces & Flails
 16020 | Lair:6   | Found an iron altar of Okawaru.
 16088 | Lair:6   | Found a staircase to the Snake Pit.
 16586 | Lair:6   | Found a viscous altar of Jiyva.
 16586 | Lair:6   | Found a staircase to the Slime Pits.
 16600 | Lair:6   | Found a staircase to the Swamp.
 18048 | Lair:8   | Entered Level 8 of the Lair of Beasts
 18158 | Lair:8   | Reached skill level 13 in Maces & Flails
 18451 | Lair:8   | Gained mutation: You resist negative energy. [Deep Dwarf growth]
 18451 | Lair:8   | Reached XP level 14. HP: 85/129 MP: 12/12
 21447 | Orc:1    | Entered Level 1 of the Orcish Mines
 21509 | Orc:1    | Found Bad Foqi's Magic Scroll Boutique.
 22321 | Orc:3    | Found a staircase to the Elven Halls.
 22988 | Orc:4    | Entered Level 4 of the Orcish Mines
 23242 | Orc:4    | Found a dark tunnel.
 23247 | Volcano  | Entered a volcano
 23301 | Volcano  | Quit the game

Action                   |  1- 3 |  4- 6 |  7- 9 | 10-12 | 13-15 || total
-------------------------+-------+-------+-------+-------+-------++-------
Melee: Flail             |   133 |   198 |   344 |   234 |       ||   909
       Morningstar       |       |       |       |   958 |  1865 ||  2823
Throw: Stone             |   106 |    35 |    15 |   167 |   312 ||   635
       Tomahawk          |       |    28 |   115 |   174 |    85 ||   402
Invok: Lesser Servant of |       |       |     1 |     3 |     4 ||     8
       Minor Destruction |       |       |       |     6 |    13 ||    19
       Greater Servant o |       |       |       |     4 |     1 ||     5
 Abil: Spit Poison       |       |       |    90 |    11 |       ||   101
       Device Recharging |       |       |       |     5 |    17 ||    22
Evoke: Wand              |       |     1 |    10 |    37 |    88 ||   136
  Use: Scroll            |     2 |     3 |     8 |     9 |     8 ||    30
       Potion            |       |     5 |     5 |    10 |    10 ||    30
 Stab: Distracted        |       |       |       |     3 |     1 ||     4
  Eat: Chunk             |     2 |     7 |    14 |    29 |    31 ||    83
       Royal jelly       |       |       |     1 |     1 |       ||     2
       Bread ration      |       |       |       |     1 |       ||     1
       Fruit             |       |       |       |     1 |       ||     1

Vault maps used:
D:1:      dpeg_arrival_line_fractal
D:2:      bloody_makhleb, uniq_iyjb
D:3:      good_gods_temple_1, uniq_crazy_yiuf_cottage, uniq_terence
D:4:      black_bear_nest_2, kennysheep_mini
D:5:      grunt_temple_overflow_open, serial_shops, nicolae_shop_crystal,
          first_bread, minmay_misc_feat_doors
D:6:      serial_shops, kennysheep_mini_moat, basic_altar,
          minmay_misc_feat_rows, uniq_pikel
D:7:      lemuel_round_altar, minmay_temple_entry_hall, grunt_livestock,
          elyvilon_altar_1
D:8:      grunt_temple_overflow_diamond, lemuel_doored_altar, lair_0_dummy,
          minmay_misc_feat_ornament, st_stairs_7, guppyfry_shop_venom
D:9:      kennysheep_little_box
D:10:     basic_altar, okawaru_metal_pillars_3
D:11:     kennysheep_orc_monster_closet_entryway,
          nicolae_qazlal_general_emergency, uniq_fannar
Lair:1:   infiniplex_staircase_pool_2, grunt_megastairs_4
Lair:3:   grunt_forest_stairs_clearing
Lair:5:   beast_lair_carwin_2, infiniplex_staircase_pool, uniq_nessos
Lair:6:   minmay_swamp_entry_swarm, minmay_snake_entry_spellcaster,
          slime_altar_1, basic_altar, serial_bayou_shore_a, grunt_megastairs_3
Lair:8:   guppyfry_lair_end_dragon, hangedman_lair_in_review, lemuel_fruit_tree
Orc:1:    serial_shops, shop
Orc:2:    nicolae_orc_lava_room
Orc:3:    nicolae_orc_pool_cavern
Orc:4:    st_orc_congregation, enter_volcano_4
Volcano:  volcano_lake
